 Dungeon Crawl Stone Soup version 0.28.0 (webtiles) character file.

Game seed: 8407392322235997963

571 ProzacElf the Ducker (level 7, -4/52 HPs)
             Began as a Djinni Gladiator on Feb 13, 2022.
             Was a High Priest of Ignis.
             Slain by a gnoll sergeant (10 damage)
             ... on level 4 of the Dungeon.
             The game lasted 00:09:27 (4542 turns).

ProzacElf the Ducker (Djinni Gladiator)             Turns: 4542, Time: 00:09:28

Health: -4/52      AC:  7    Str: 15    XL:     7   Next: 60%
Gold:   194        EV: 12    Int: 10    God:    Ignis [*****.] SH:  0 Dex: 14

rFire   + + +      SeeInvis .   a - +0 long sword
rCold   x . .      Faith    .   (no shield)
rNeg    . . .      Spirit   .   v - +1 ring mail of Action {Rampage}
rPois   ∞          Reflect  .   c - +0 helmet
rElec   .          Harm     .   (no cloak)
rCorr   .          Rampage  +   (no gloves)
Will    .....                   (boots unavailable)
Stlth   +.........              u - amulet of the acrobat
HPRegen 0.17/turn               (no ring)
MPRegen 0.00/turn               (no ring)

@: brilliant, flying
A: sickness immunity, fire resistance 2, cold vulnerability 1, float, innate
caster, HP casting, extra vitality 1
a: Renounce Religion, Fiery Armour, Foxfire Swarm, Rising Flame


You were on level 4 of the Dungeon.
You worshipped Ignis.
Ignis was extremely pleased with you.
You visited 1 branch of the dungeon, and saw 5 of its levels.

You collected 194 gold pieces.

Inventory:

Hand Weapons
 a - a +0 long sword (weapon)
Missiles
 d - 4 throwing nets
 e - 42 arrows
 m - 91 stones
 q - 12 poisoned darts (quivered)
 r - 72 sling bullets
Armour
 b - a +0 leather armour
 c - a +0 helmet (worn)
 f - a +0 scale mail
 v - the +1 ring mail of Action (worn) {Rampage}
   (You found it on level 3 of the Dungeon)

   Rampage:   It bestows one free step when moving towards enemies.
Jewellery
 u - an amulet of the acrobat (around neck)
Wands
 n - a wand of acid (8)
Scrolls
 g - a scroll of teleportation {unknown}
 h - a scroll of brand weapon {unknown}
 k - a scroll of enchant weapon {unknown}
 o - 3 scrolls of identify {unknown}
 p - a scroll of blinking {unknown}
 t - a scroll of amnesia {unknown}
 y - 3 scrolls of fear {unknown}
 A - a scroll of summoning {unknown}
 B - a scroll of immolation {unknown}
Potions
 i - a potion of degeneration {unknown}
 j - a potion of flight {unknown}
 l - a potion of brilliance
 s - 2 potions of curing {unknown}
 w - a potion of heal wounds {unknown}
 x - a potion of magic
 z - a potion of cancellation {unknown}


   Skills:
 + Level 4.0 Fighting
 - Level 5.0 Long Blades
 - Level 1.5 Throwing
 - Level 5.0 Dodging
 + Level 3.2 Evocations


You had one spell level left.
You knew the following spells:

 Your Spells              Type           Power      Damage    Failure   Level
a - Beastly Appendage     Tmut           0%         N/A       58%         1
b - Passwall              Tmut/Erth      0%         N/A       75%         2
c - Poisonous Vapours     Pois/Air       0%         N/A       75%         2
Your spell library was empty.

Dungeon Overview and Level Annotations

Branches:
Dungeon (5/15)             Temple (0/1) D:4

Altars:
Ignis


Innate Abilities, Weirdness & Mutations

You are immune to sickness and miasma.
You are immune to poison.
Your flesh is very heat resistant. (rF++)
You are vulnerable to cold. (rC-)
You float through the air rather than walking.
You learn spells naturally, not from books.
Your magical power is your life essence.
You have superior vitality. (+4 MHP)


Message History

Ye take 7 damage, an' haf 29/52 hp.
Ye hit tha gnoll sergeant.
Tha gnoll sergeant be severely wounded.
Tha gnoll sergeant hits ye but does nay damage.
Ye hit tha gnoll sergeant but do nay damage.
Tha gnoll sergeant be severely wounded.
Tha gnoll sergeant closely misses ye.
Ye hit tha gnoll sergeant but do nay damage.
Ye punch tha gnoll sergeant.
Tha gnoll sergeant be severely wounded.
Tha gnoll sergeant hits ye wit' a +0 scimitar.
Ye take 1 damage, an' haf 28/52 hp.
Ye barely miss tha gnoll sergeant.
Tha gnoll sergeant be severely wounded.
Tha gnoll sergeant misses ye.
Ye hit tha gnoll sergeant but do nay damage.
Tha gnoll sergeant be severely wounded.
Tha gnoll sergeant hits ye wit' a +0 scimitar!
* * * LOW HITPOINT WARNIN'
* * * Ye take 13 damage, an' haf 15/52 hp.
MASSIVE DAMAGE!!
Ye barely miss tha gnoll sergeant.
Tha gnoll sergeant be severely wounded.
Tha gnoll sergeant hits ye wit' a +0 scimitar.
* * * LOW HITPOINT WARNIN'
* * * Tha gnoll sergeant barely misses ye.
Ye take 4 damage, an' haf 11/52 hp.
Ye rampage towards tha gnoll sergeant!
Ye closely miss tha gnoll sergeant.
Tha gnoll sergeant be severely wounded.
Tha gnoll sergeant hits ye wit' a +0 scimitar!
* * * LOW HITPOINT WARNIN'
* * * Tha gnoll sergeant misses ye.
Ye take 9 damage, an' haf 3/52 hp.
Tha gnoll sergeant completely misses ye.
Thar be an op'n door 'ere.
It was a potion o' magic.
Magic washes o'er ye without effect.
Tha gnoll sergeant barely misses ye.
It was a potion o' brilliance.
Ye feel cle'er all o' a sudd'n.
Tha gnoll sergeant hits ye wit' a +0 scimitar!
Ye die...

..................#
##.##.##'##..##..#######
##)#####.##..##..##....##
......#.......#.........#
......#.......#.........#
......#.......#.........#
##..#######'####+###...########
##..######..###..###.....#....#
....†...#....#..@..#....#....##
........#....#..g..#....#....#
........#....#.....#....##..##
........#....#.....#....#####
##########..##.....'.....#
##..##..##..##....##'#####
.....#.......#....##)....#
.....#.......#.......÷...#
.....#......##....##....##


You could see a gnoll sergeant.

Vanquished Creatures
  An ogre (D:4)
  A necrophage (D:4)
  A phantom (D:5)
  2 water moccasin skeletons (D:5)
  An orc priest (D:4)
  An iguana (D:4)
  6 adders
  A gnoll (D:5)
  A shadow imp (D:5)
  A worm (D:2)
  3 dart slugs
  5 orcs
  11 endoplasms
  6 giant cockroaches
  7 goblins
  3 hobgoblins
  3 jackals (D:1)
  7 quokkas
  7 ball pythons
  3 bats (D:2)
  5 frilled lizards
  10 kobolds
  A quokka skeleton (D:4)
  A rat (D:1)
88 creatures vanquished.

Vanquished Creatures (others)
  A fungus (D:1)
1 creature vanquished.

Grand Total: 89 creatures vanquished

Notes
Turn   | Place    | Note
-------+----------+-------------------------------------------
     0 | D:1      | ProzacElf the Djinni Gladiator began the quest for the Orb.
     0 | D:1      | Reached XP level 1. HP: 18/18 MP: 0/0
   225 | D:1      | Reached XP level 2. HP: 18/23 MP: 0/0
   388 | D:1      | Found a faded altar of an unknown god.
   405 | D:1      | Prayed at the altar of an unknown god.
   405 | D:1      | Became a worshipper of Ignis, the Dying Flame
   483 | D:1      | Reached XP level 3. HP: 28/28 MP: 0/0
   483 | D:1      | Learned a level 1 spell: Beastly Appendage
  1625 | D:2      | Reached XP level 4. HP: 33/33 MP: 0/0
  2474 | D:3      | Identified the +1 ring mail of Action {Rampage}
  3060 | D:4      | Noticed a necrophage
  3070 | D:4      | Killed a necrophage
  3071 | D:4      | Reached skill level 5 in Dodging
  3071 | D:4      | Reached XP level 5. HP: 36/38 MP: 0/0
  3071 | D:4      | Learned a level 2 spell: Passwall
  3144 | D:4      | Reached XP level 6. HP: 19/43 MP: 0/0
  3357 | D:4      | Found a staircase to the Ecumenical Temple.
  3475 | D:4      | Noticed an ogre
  3481 | D:4      | Reached skill level 5 in Long Blades
  3493 | D:4      | Killed an ogre
  3494 | D:4      | Reached skill level 1 in Evocations
  3845 | D:4      | Reached XP level 7. HP: 48/50 MP: 0/0
  3845 | D:4      | Learned a level 2 spell: Poisonous Vapours
  3904 | D:5      | Entered Level 5 of the Dungeon
  4542 | D:4      | Slain by a gnoll sergeant

Illustrated notes

Levels and vault maps discovered:
D:1:      co_arrival_square_in_a_square_in_a_square, layout_loops_ring,
          shapermc_ecumenical_altar_ellora, grunt_decor_arrowhead
D:2:      layout_loops_corners
D:3:      kennysheep_six_static_rooms, layout_loops_ring,
          kennysheep_small_spiral, kennysheep_generic_room_4
D:4:      layout_gridville, minmay_temple_entry_enclosed_plants
D:5:      layout_layer_cave

Skill      XL: |  1  2  3  4  5  6  7 |
---------------+----------------------+-----
Long Blades    | 3 4 5 |  5.0
Dodging        | 4 5 |  5.0
Evocations     | 2 3 |  3.2
Fighting       | 3 4 |  4.0
Throwing       | |  1.5

Action                   |  1- 3 |  4- 6 |  7- 9 || total
-------------------------+-------+-------+-------++-------
Melee: Long sword        |   100 |   158 |    70 ||   328
       Punch             |       |     2 |     2 ||     4
  Use: Potion            |       |       |     2 ||     2
Armor: Scale mail        |    40 |    32 |       ||    72
       Ring mail         |       |    26 |    25 ||    51
Dodge: Dodged            |    57 |    88 |    47 ||   192
